Kings vs Panthers
Created - 12 mars 2017 at 19:04
Goals
|
| Kings |
2 |
1 |
0 |
3 |
| Panthers |
0 |
4 |
1 |
5 |
|
Shots
|
| Kings |
19 |
5 |
5 |
29 |
| Panthers |
11 |
19 |
14 |
44 |
|
1st period
1. Kings , Marek Svatos 29 (Lubomir Visnovsky, Drew Miller) at 9:31
2. Kings , Marek Svatos 30 (Drew Miller, Danny Richmond) at 18:26
Penalties :
Marek Svatos (LAK) for Roughing (Minor) at 4:01, Jordan Nolan (LAK) for Unsportsmanlike conduct (Minor) at 10:27
2nd period
3. Kings , Daniel Cleary 11 (Andrew Cogliano) at 4:35
4. Panthers , Jeff Tambellini 15 (Guillaume Latendresse) at 9:49
5. Panthers , Shawn Horcoff 8 (Jeff Tambellini, Keith Aulie) at 12:46
6. Panthers , Scott Gomez 24 (Sergei Samsonov, Brendan Smith) at 14:17 (PP)
7. Panthers , Scott Gomez 25 (Sergei Samsonov, Brad Stuart) at 16:15
Penalties :
Daniel Cleary (LAK) for Interference (Minor) at 2:13, Boyd Devereaux (LAK) for Cross-checking (Minor) at 7:45, Marek Svatos (LAK) for Interference (Minor) at 13:40
3rd period
8. Panthers , Marian Hossa 22 (Guillaume Latendresse, Sidney Crosby) at 0:26
Penalties :
Danny Richmond (LAK) for Holding (Minor) at 7:43, Brendan Smith (Flo) for Holding Stick (Minor) at 16:29
Goalie Stats
Evgeni Nabokov (LAK), 12 saves from 12 shots - (1,000), 19:34 minutes
Jonathan Quick (LAK), 27 saves from 32 shots - (0,844), L, 21-16-7, 40:26 minutes
Antti Niemi (Flo), 26 saves from 29 shots - (0,897), W, 21-16-4, 60:00 minutes
Players Stats for Kings
Player Name G A P +/- PIM S H SB GA TA FO MP PP MP PK MP
------------------------------------------------------------------------------------
Andrew Cogliano 0 1 1 0 0 0 2 0 0 0 0/1 19:25 1:02 2:36
Anze Kopitar 0 0 0 -1 0 2 3 2 0 0 12/31 17:25 1:02 0:59
Boyd Devereaux 0 0 0 0 2 0 1 1 1 0 2/6 12:22 0:00 4:50
Brandon Bollig 0 0 0 -1 0 0 0 0 0 0 0/0 11:35 0:00 0:00
Chad Larose 0 0 0 -1 0 0 0 0 0 0 0/0 10:55 0:00 2:58
Daniel Cleary 1 0 1 -1 2 1 2 3 1 1 0/0 14:50 0:00 2:15
Danny Richmond 0 1 1 0 2 3 1 1 0 0 0/0 23:44 0:41 2:52
Drew Doughty 0 0 0 -1 0 7 1 1 0 0 0/0 21:46 1:18 3:51
Drew Miller 0 2 2 1 0 2 1 0 0 1 2/2 16:00 0:57 2:41
Jordan Eberle 0 0 0 -1 0 1 1 1 0 0 1/1 16:24 1:02 0:00
Jordan Nolan 0 0 0 -1 2 2 1 1 1 0 5/8 13:04 0:57 0:15
Ladislav Nagy 0 0 0 0 0 1 0 0 0 0 0/0 7:16 0:00 0:00
Lubomir Visnovsky 0 1 1 0 0 1 0 1 0 0 0/0 18:12 0:00 6:41
Marek Svatos 2 0 2 1 4 6 1 0 2 0 1/1 17:09 0:00 4:30
Oliver Ekman-Larsson 0 0 0 -1 0 0 2 1 1 0 0/0 17:50 1:18 0:44
Ryan O'Byrne 0 0 0 0 0 1 1 2 0 1 0/0 26:14 0:00 6:25
Ryan Whitney 0 0 0 0 0 1 0 0 0 1 0/0 12:15 0:41 0:31
Tim Connolly 0 0 0 1 0 1 2 0 0 0 3/13 12:56 0:57 0:00
Players Stats for Panthers
Player Name G A P +/- PIM S H SB GA TA FO MP PP MP PK MP
------------------------------------------------------------------------------------
Alexander Perezhogin 0 0 0 -1 0 1 0 0 0 0 1/1 6:26 0:06 0:00
Brad Stuart 0 1 1 1 0 0 1 1 0 0 0/0 18:26 3:41 1:04
Brendan Smith 0 1 1 1 2 0 1 1 0 1 0/0 28:30 6:51 0:00
Guillaume Latendresse 0 2 2 1 0 6 1 0 0 1 2/2 22:20 5:40 0:59
Jeff Tambellini 1 1 2 1 0 4 0 1 0 0 0/0 11:47 0:06 0:39
Keith Aulie 0 1 1 1 0 0 4 1 0 0 0/0 18:53 3:41 0:55
Keith Ballard 0 0 0 -1 0 0 0 0 0 1 0/0 13:13 0:00 0:55
Loui Eriksson 0 0 0 0 0 0 0 0 0 0 0/0 19:38 4:46 0:00
Marian Hossa 1 0 1 1 0 6 4 0 0 0 2/2 21:32 5:40 0:00
Mike Fisher 0 0 0 -1 0 0 0 0 0 0 1/2 6:24 0:00 0:09
Nick Schultz 0 0 0 -1 0 0 0 0 0 1 0/0 11:42 0:00 0:00
Peter Prucha 0 0 0 1 0 3 0 1 0 0 1/1 10:15 0:00 0:00
Ryan Bayda 0 0 0 -1 0 2 0 1 0 0 0/0 6:44 0:06 0:30
Scott Gomez 2 0 2 0 0 6 2 0 1 0 8/13 20:11 4:46 0:21
Sergei Samsonov 0 2 2 0 0 3 1 0 1 0 0/0 19:59 4:46 0:21
Shawn Horcoff 1 0 1 1 0 3 0 0 0 0 3/5 10:15 0:00 0:00
Sidney Crosby 0 1 1 1 0 6 1 0 0 1 19/37 22:20 5:40 0:59
Steve Montador 0 0 0 1 0 4 4 0 2 1 0/0 29:25 6:51 1:04
3 Stars
1 - Scott Gomez (Flo)
2 - Jeff Tambellini (Flo)
3 - Marian Hossa (Flo)
Power Play
Kings - 0 on 1 Attempt(s) - 0,00%
Panthers - 1 on 6 Attempt(s) - 16,67%
Penalty Kill
Kings - 5 on 6 Attempt(s) - 83,33%
- Score 0 goal in Penalty Kill
Panthers - 1 on 1 Attempt(s) - 100,00%
- Score 0 goal in Penalty Kill
Team Stat
Kings - Hits : 19 - Faceoff Wins : 26 - Blocked Shots : 14 - Penalty Minutes : 12
Panthers - Hits : 19 - Faceoff Wins : 37 - Blocked Shots : 6 - Penalty Minutes : 2
Official
Referees : Pochmara Brian and Hasenfratz Mike
Linesman : Don Henderson and Lyle Seitz
Game Notes
Evgeni Nabokov enters game at 0:26 of 3rd period
Finance
Level 1 -- Attendance: 6000 (100,00%) -- Ticket Income 498 000 $
Level 2 -- Attendance: 4899 (97,98%) -- Ticket Income 244 950 $
Level 3 -- Attendance: 1308 (65,40%) -- Ticket Income 58 860 $
Level 4 -- Attendance: 2493 (62,33%) -- Ticket Income 67 311 $
Luxury Box -- Attendance: 1000 (100,00%) -- Ticket Income 140 000 $
Game was played at the Bank Atlantic Cente.
Total Attendance: 15700 (87,22%)
Total Ticket Income: 1 009 121 $
Other Income: 151 368 $
Total Income: 1 160 489 $
Kings
5 vs 5 Forward
Center Left Wing Right Wing Time % Phy DF OF
1 Anze Kopitar Andrew Cogliano Jordan Eberle 35 1 1 3
2 Tim Connolly Drew Miller Marek Svatos 30 1 1 3
3 Jordan Nolan Brandon Bollig Daniel Cleary 25 1 2 2
4 Boyd Devereaux Ladislav Nagy Chad Larose 10 1 2 2
5 vs 5 Defense
Defense Defense Time % Phy DF OF
1 Ryan O'Byrne Danny Richmond 40 0 3 2
2 Drew Doughty Oliver Ekman-Larsson 35 0 3 2
3 Ryan Whitney Lubomir Visnovsky 25 1 3 1
4 Drew Doughty Oliver Ekman-Larsson 0 1 3 1
PowerPlay Forward
Center Left Wing Right Wing Time % Phy DF OF
1 Anze Kopitar Andrew Cogliano Jordan Eberle 60 0 1 4
2 Tim Connolly Drew Miller Jordan Nolan 40 0 1 4
PowerPlay Defense
Defense Defense Time % Phy DF OF
1 Drew Doughty Oliver Ekman-Larsson 60 0 2 3
2 Ryan Whitney Danny Richmond 40 0 3 2
Penalty Kill 4 Players Forward
Center Wing Time % Phy DF OF
1 Boyd Devereaux Marek Svatos 60 1 2 2
2 Chad Larose Daniel Cleary 40 1 2 2
Penalty Kill 4 Players Defense
Defense Defense Time % Phy DF OF
1 Lubomir Visnovsky Ryan O'Byrne 60 1 4 0
2 Danny Richmond Drew Doughty 40 1 4 0
Penalty Kill - 3 Players Forward
Forward Time % Phy DF OF
1 Anze Kopitar 60 1 4 0
2 Boyd Devereaux 40 1 4 0
Penalty Kill - 3 Players Defense
Defense Defense Time % Phy DF OF
1 Ryan O'Byrne Lubomir Visnovsky 60 1 4 0
2 Danny Richmond Drew Doughty 40 1 4 0
4 vs 4 Forward
Center Wing Time % Phy DF OF
1 Anze Kopitar Andrew Cogliano 60 1 2 2
2 Jordan Eberle Marek Svatos 40 1 2 2
4 vs 4 Defense
Defense Defense Time % Phy DF OF
1 Danny Richmond Drew Doughty 60 1 2 2
2 Oliver Ekman-Larsson Ryan O'Byrne 40 1 2 2
Last Minutes Offensive
Center Left Wing Right Wing Defense Defense
Anze Kopitar Andrew Cogliano Jordan Eberle Drew Doughty Danny Richmond
Last Minutes Defensive
Center Left Wing Right Wing Defense Defense
Anze Kopitar Drew Miller Chad Larose Ryan O'Byrne Lubomir Visnovsky
Goaltenders
Starting : Jonathan Quick
Backup : Evgeni Nabokov
Extra Forwards
Normal : Anze Kopitar, Jordan Eberle, Marek Svatos - PP : Marek Svatos, Chad Larose - PK : Drew Miller
Extra Defensemen
Normal : Drew Doughty, Oliver Ekman-Larsson, Ryan O'Byrne - PP : Ryan O'Byrne - PK : Oliver Ekman-Larsson, Ryan Whitney
Penalty Shots
Anze Kopitar, Jordan Eberle, Andrew Cogliano, Marek Svatos, Tim Connolly
Panthers
5 vs 5 Forward
Center Left Wing Right Wing Time % Phy DF OF
1 Sidney Crosby Guillaume Latendresse Marian Hossa 40 0 2 3
2 Scott Gomez Sergei Samsonov Loui Eriksson 30 0 2 3
3 Shawn Horcoff Jeff Tambellini Peter Prucha 20 1 2 2
4 Mike Fisher Ryan Bayda Alexander Perezhogin 10 1 2 2
5 vs 5 Defense
Defense Defense Time % Phy DF OF
1 Steve Montador Brendan Smith 40 0 2 3
2 Brad Stuart Keith Aulie 30 0 2 3
3 Keith Ballard Nick Schultz 20 1 2 2
4 Steve Montador Brendan Smith 10 0 2 3
PowerPlay Forward
Center Left Wing Right Wing Time % Phy DF OF
1 Sidney Crosby Guillaume Latendresse Marian Hossa 60 1 0 4
2 Scott Gomez Sergei Samsonov Loui Eriksson 40 1 0 4
PowerPlay Defense
Defense Defense Time % Phy DF OF
1 Steve Montador Brendan Smith 60 1 1 3
2 Brad Stuart Keith Aulie 40 1 1 3
Penalty Kill 4 Players Forward
Center Wing Time % Phy DF OF
1 Sidney Crosby Guillaume Latendresse 60 1 3 1
2 Scott Gomez Sergei Samsonov 40 1 3 1
Penalty Kill 4 Players Defense
Defense Defense Time % Phy DF OF
1 Steve Montador Brendan Smith 60 1 4 0
2 Brad Stuart Keith Aulie 40 1 3 1
Penalty Kill - 3 Players Forward
Forward Time % Phy DF OF
1 Scott Gomez 60 1 3 1
2 Sidney Crosby 40 1 3 1
Penalty Kill - 3 Players Defense
Defense Defense Time % Phy DF OF
1 Steve Montador Brendan Smith 60 1 3 1
2 Brad Stuart Keith Aulie 40 1 3 1
4 vs 4 Forward
Center Wing Time % Phy DF OF
1 Sidney Crosby Guillaume Latendresse 60 0 2 3
2 Scott Gomez Marian Hossa 40 0 2 3
4 vs 4 Defense
Defense Defense Time % Phy DF OF
1 Steve Montador Brendan Smith 60 0 2 3
2 Brad Stuart Keith Aulie 40 1 2 2
Last Minutes Offensive
Center Left Wing Right Wing Defense Defense
Sidney Crosby Guillaume Latendresse Marian Hossa Steve Montador Brendan Smith
Last Minutes Defensive
Center Left Wing Right Wing Defense Defense
Scott Gomez Guillaume Latendresse Loui Eriksson Brendan Smith Steve Montador
Goaltenders
Starting : Antti Niemi
Backup : Keith Kinkaid
Extra Forwards
Normal : Scott Gomez, Guillaume Latendresse, Marian Hossa - PP : Scott Gomez, Ryan Bayda - PK : Ryan Bayda
Extra Defensemen
Normal : Keith Aulie, Brendan Smith, Steve Montador - PP : Keith Aulie - PK : Brendan Smith, Steve Montador
Penalty Shots
Sidney Crosby, Sergei Samsonov, Peter Prucha, Marian Hossa, Jeff Tambellini
% Time on Ice - Kings
Lines # - Real PCT - Wanted PCT - Time Play
Normal Forward
1 - 35% - 35% - 16:23
2 - 26% - 30% - 12:26
3 - 24% - 25% - 11:35
4 - 15% - 10% - 7:05
Normal Defense
1 - 42% - 40% - 19:56
2 - 35% - 35% - 16:30
3 - 23% - 25% - 11:03
4 - 0% - 0% - 0:00
PP Forward
1 - 52% - 60% - 1:02
2 - 48% - 40% - 0:57
PP Defense
1 - 66% - 60% - 1:18
2 - 34% - 40% - 0:41
PK Forward
1 - 72% - 60% - 7:34
2 - 28% - 40% - 2:58
PK Defense
1 - 61% - 60% - 6:25
2 - 39% - 40% - 4:07
PK3 Forward
1 - 0% - 60%
2 - 0% - 40%
PK3 Defense
1 - 0% - 60%
2 - 0% - 40%
44 Forward
1 - 0% - 60%
2 - 0% - 40%
44 Defense
1 - 0% - 60%
2 - 0% - 40%
Last Minute Offensive - 0:00
Last Minute Defensive - 0:00
Total
Forward - 60:00
Defense - 60:00
|
% Time on Ice - Panthers
Lines # - Real PCT - Wanted PCT - Time Play
Normal Forward
1 - 35% - 40% - 16:28
2 - 31% - 30% - 14:52
3 - 22% - 20% - 10:15
4 - 12% - 10% - 5:54
Normal Defense
1 - 41% - 40% - 19:40
2 - 29% - 30% - 13:41
3 - 25% - 20% - 11:42
4 - 5% - 10% - 2:26
PP Forward
1 - 55% - 60% - 5:46
2 - 45% - 40% - 4:46
PP Defense
1 - 65% - 60% - 6:51
2 - 35% - 40% - 3:41
PK Forward
1 - 82% - 60% - 1:38
2 - 18% - 40% - 0:21
PK Defense
1 - 100% - 60% - 1:59
2 - 0% - 40% - 0:00
PK3 Forward
1 - 0% - 60%
2 - 0% - 40%
PK3 Defense
1 - 0% - 60%
2 - 0% - 40%
44 Forward
1 - 0% - 60%
2 - 0% - 40%
44 Defense
1 - 0% - 60%
2 - 0% - 40%
Last Minute Offensive - 0:00
Last Minute Defensive - 0:00
Total
Forward - 60:00
Defense - 60:00
|
Play by Play
1st period
0:01 of 1st period - Guillaume Latendresse wins face-off versus Anze Kopitar in neutral zone.
0:46 of 1st period - Slapshot by Danny Richmond.
0:46 of 1st period - Shot Misses the Net.
0:48 of 1st period - Wrist shot by Daniel Cleary.
0:48 of 1st period - Deflect By Jordan Nolan.
0:48 of 1st period - Stopped by Antti Niemi without a rebound.
0:49 of 1st period - Shawn Horcoff wins face-off versus Jordan Nolan in Panthers zone.
2:24 of 1st period - Wrist shot by Peter Prucha.
2:24 of 1st period - Stopped by Jonathan Quick without a rebound.
2:25 of 1st period - Shawn Horcoff wins face-off versus Anze Kopitar in Kings zone.
2:32 of 1st period - Slapshot by Peter Prucha.
2:32 of 1st period - Shot Blocked by Anze Kopitar.
2:38 of 1st period - Snap shot by Jeff Tambellini.
2:38 of 1st period - Stopped by Jonathan Quick with a rebound.
2:42 of 1st period - Snap shot by Shawn Horcoff.
2:42 of 1st period - Shot Misses the Net.
2:44 of 1st period - Wrist shot by Peter Prucha.
2:44 of 1st period - Stopped by Jonathan Quick with a rebound.
2:48 of 1st period - Backhand shot by Peter Prucha.
2:48 of 1st period - Shot Misses the Net.
2:50 of 1st period - Slapshot by Keith Aulie.
2:50 of 1st period - Shot Misses the Net.
2:52 of 1st period - Backhand shot by Brad Stuart.
2:52 of 1st period - Shot Misses the Net.
2:58 of 1st period - Snap shot by Shawn Horcoff.
2:58 of 1st period - Shot Misses the Net.
3:00 of 1st period - Slapshot by Shawn Horcoff.
3:00 of 1st period - Shot Misses the Net.
3:02 of 1st period - Backhand shot by Brad Stuart.
3:02 of 1st period - Shot Misses the Net.
3:04 of 1st period - Snap shot by Brad Stuart.
3:04 of 1st period - Shot Misses the Net.
3:06 of 1st period - Slapshot by Shawn Horcoff.
3:06 of 1st period - Shot Misses the Net.
3:08 of 1st period - Wrist shot by Shawn Horcoff.
3:08 of 1st period - Stopped by Jonathan Quick with a rebound.
3:10 of 1st period - Slapshot by Jeff Tambellini.
3:10 of 1st period - Shot Blocked by Jordan Eberle.
3:12 of 1st period - Snap shot by Jeff Tambellini.
3:12 of 1st period - Stopped by Jonathan Quick without a rebound.
3:13 of 1st period - Sidney Crosby wins face-off versus Tim Connolly in Kings zone.
3:17 of 1st period - Icing by Tim Connolly.
3:18 of 1st period - Sidney Crosby wins face-off versus Tim Connolly in Kings zone.
3:25 of 1st period - Snap shot by Marian Hossa.
3:25 of 1st period - Stopped by Jonathan Quick with a rebound.
3:49 of 1st period - Slapshot by Mike Fisher.
3:49 of 1st period - Shot Misses the Net.
3:53 of 1st period - Snap shot by Alexander Perezhogin.
3:53 of 1st period - Stopped by Jonathan Quick with a rebound.
4:01 of 1st period - Minor Penalty to Marek Svatos for Roughing.
4:02 of 1st period - Boyd Devereaux wins face-off versus Sidney Crosby in Kings zone.
5:27 of 1st period - Ryan O'Byrne is hit by Marian Hossa.
6:01 of 1st period - Penalty to Marek Svatos is over, Marek Svatos is back on ice.
6:35 of 1st period - Nick Schultz is hit by Tim Connolly and loses puck.
7:20 of 1st period - Snap shot by Boyd Devereaux.
7:20 of 1st period - Shot Blocked by Jeff Tambellini.
7:51 of 1st period - Slapshot by Danny Richmond.
7:51 of 1st period - Stopped by Antti Niemi with a rebound.
7:53 of 1st period - Snap shot by Brandon Bollig.
7:53 of 1st period - Deflect By Daniel Cleary.
7:53 of 1st period - Shot Misses the Net.
7:53 of 1st period - Puck is out of play.
7:54 of 1st period - Jordan Nolan wins face-off versus Scott Gomez in Panthers zone.
7:55 of 1st period - Wrist shot by Daniel Cleary.
7:55 of 1st period - Shot Blocked by Brendan Smith.
7:57 of 1st period - Slapshot by Ryan Whitney.
7:57 of 1st period - Stopped by Antti Niemi without a rebound.
7:58 of 1st period - Anze Kopitar wins face-off versus Sidney Crosby in Panthers zone.
9:19 of 1st period - Wrist shot by Marek Svatos.
9:19 of 1st period - Shot Misses the Net.
9:21 of 1st period - Snap shot by Marek Svatos.
9:21 of 1st period - Stopped by Antti Niemi with a rebound.
9:23 of 1st period - Wrist shot by Lubomir Visnovsky.
9:23 of 1st period - Shot Blocked by Keith Aulie.
9:25 of 1st period - Snap shot by Lubomir Visnovsky.
9:25 of 1st period - Shot Hit the Post.
9:27 of 1st period - Slapshot by Drew Miller.
9:27 of 1st period - Stopped by Antti Niemi with a rebound.
9:29 of 1st period - Slapshot by Lubomir Visnovsky.
9:29 of 1st period - Deflect By Brad Stuart.
9:29 of 1st period - Stopped by Antti Niemi with a rebound.
9:31 of 1st period - Wrist shot by Marek Svatos.
9:31 of 1st period - Goal by Marek Svatos - Kings : 1 - Panthers : 0.
9:32 of 1st period - Anze Kopitar wins face-off versus Sidney Crosby in neutral zone.
10:04 of 1st period - Slapshot by Danny Richmond.
10:04 of 1st period - Stopped by Antti Niemi without a rebound.
10:05 of 1st period - Sidney Crosby wins face-off versus Jordan Nolan in Panthers zone.
10:05 of 1st period - Sidney Crosby is hit by Daniel Cleary.
10:13 of 1st period - Snap shot by Sidney Crosby.
10:13 of 1st period - Shot Blocked by Oliver Ekman-Larsson.
10:27 of 1st period - Minor Penalty to Jordan Nolan for Unsportsmanlike conduct.
10:28 of 1st period - Sidney Crosby wins face-off versus Boyd Devereaux in Kings zone.
11:11 of 1st period - Wrist shot by Sidney Crosby.
11:11 of 1st period - Stopped by Jonathan Quick without a rebound.
11:12 of 1st period - Boyd Devereaux wins face-off versus Scott Gomez in Kings zone.
11:27 of 1st period - Slapshot by Sergei Samsonov.
11:27 of 1st period - Stopped by Jonathan Quick with a rebound.
12:27 of 1st period - Penalty to Jordan Nolan is over, Jordan Nolan is back on ice.
12:47 of 1st period - Slapshot by Jeff Tambellini.
12:47 of 1st period - Deflect By Drew Doughty.
12:47 of 1st period - Shot Blocked by Drew Doughty.
12:47 of 1st period - Puck is out of play.
12:48 of 1st period - Anze Kopitar wins face-off versus Mike Fisher in Kings zone.
12:53 of 1st period - Brad Stuart is hit by Anze Kopitar and loses puck.
13:00 of 1st period - Wrist shot by Anze Kopitar.
13:00 of 1st period - Shot Misses the Net.
13:02 of 1st period - Slapshot by Andrew Cogliano.
13:02 of 1st period - Shot Misses the Net.
13:17 of 1st period - Backhand shot by Jordan Nolan.
13:17 of 1st period - Stopped by Antti Niemi with a rebound.
13:37 of 1st period - Guillaume Latendresse is hit by Boyd Devereaux and loses puck.
13:56 of 1st period - Wrist shot by Drew Miller.
13:56 of 1st period - Shot Misses the Net.
13:58 of 1st period - Slapshot by Danny Richmond.
13:58 of 1st period - Stopped by Antti Niemi with a rebound.
14:00 of 1st period - Slapshot by Ryan O'Byrne.
14:00 of 1st period - Stopped by Antti Niemi without a rebound.
14:01 of 1st period - Sidney Crosby wins face-off versus Anze Kopitar in Panthers zone.
14:39 of 1st period - Snap shot by Marek Svatos.
14:39 of 1st period - Stopped by Antti Niemi with a rebound.
14:53 of 1st period - Slapshot by Drew Doughty.
14:53 of 1st period - Stopped by Antti Niemi without a rebound.
14:54 of 1st period - Jordan Nolan wins face-off versus Shawn Horcoff in Panthers zone.
15:09 of 1st period - Wrist shot by Peter Prucha.
15:09 of 1st period - Shot Blocked by Daniel Cleary.
15:11 of 1st period - Slapshot by Steve Montador.
15:11 of 1st period - Shot Blocked by Danny Richmond.
15:13 of 1st period - Slapshot by Peter Prucha.
15:13 of 1st period - Shot Blocked by Jordan Nolan.
15:15 of 1st period - Slapshot by Steve Montador.
15:15 of 1st period - Shot Blocked by Daniel Cleary.
15:17 of 1st period - Slapshot by Steve Montador.
15:17 of 1st period - Stopped by Jonathan Quick with a rebound.
15:31 of 1st period - Snap shot by Shawn Horcoff.
15:31 of 1st period - Deflect By Peter Prucha.
15:31 of 1st period - Shot Misses the Net.
15:31 of 1st period - Puck is out of play.
15:32 of 1st period - Jordan Eberle wins face-off versus Sidney Crosby in Kings zone.
15:59 of 1st period - Icing by Steve Montador.
16:00 of 1st period - Scott Gomez wins face-off versus Tim Connolly in Panthers zone.
16:07 of 1st period - Keith Aulie is hit by Drew Miller and loses puck.
16:18 of 1st period - Wrist shot by Drew Miller.
16:18 of 1st period - Stopped by Antti Niemi with a rebound.
16:20 of 1st period - Slapshot by Danny Richmond.
16:20 of 1st period - Shot Blocked by Brad Stuart.
16:22 of 1st period - Snap shot by Marek Svatos.
16:22 of 1st period - Stopped by Antti Niemi with a rebound.
16:48 of 1st period - Slapshot by Marek Svatos.
16:48 of 1st period - Stopped by Antti Niemi without a rebound.
16:49 of 1st period - Sidney Crosby wins face-off versus Anze Kopitar in Panthers zone.
17:16 of 1st period - Slapshot by Drew Doughty.
17:16 of 1st period - Deflect By Steve Montador.
17:16 of 1st period - Stopped by Antti Niemi with a rebound.
17:18 of 1st period - Slapshot by Drew Doughty.
17:18 of 1st period - Stopped by Antti Niemi with a rebound.
18:01 of 1st period - Anze Kopitar is hit by Marian Hossa and loses puck.
18:26 of 1st period - Slapshot by Marek Svatos.
18:26 of 1st period - Goal by Marek Svatos - Kings : 2 - Panthers : 0.
18:27 of 1st period - Anze Kopitar wins face-off versus Sidney Crosby in neutral zone.
19:17 of 1st period - Boyd Devereaux is hit by Steve Montador and loses puck.
19:34 of 1st period - Ryan O'Byrne is hit by Brendan Smith.
19:42 of 1st period - Snap shot by Guillaume Latendresse.
19:42 of 1st period - Stopped by Jonathan Quick without a rebound.
19:43 of 1st period - Sidney Crosby wins face-off versus Anze Kopitar in Kings zone.
Goals for this period are 2 for Kings vs 0 for Panthers.
Shots for this period are 19 for Kings vs 11 for Panthers.
2nd period
0:01 of 2nd period - Anze Kopitar wins face-off versus Sidney Crosby in neutral zone.
0:04 of 2nd period - Steve Montador is hit by Anze Kopitar and loses puck.
0:27 of 2nd period - Ryan O'Byrne is hit by Steve Montador and loses puck.
0:48 of 2nd period - Wrist shot by Tim Connolly.
0:48 of 2nd period - Shot Misses the Net.
0:50 of 2nd period - Wrist shot by Tim Connolly.
0:50 of 2nd period - Stopped by Antti Niemi with a rebound.
1:30 of 2nd period - Off-side.
1:31 of 2nd period - Marian Hossa wins face-off versus Anze Kopitar in neutral zone.
2:13 of 2nd period - Minor Penalty to Daniel Cleary for Interference.
2:14 of 2nd period - Marek Svatos wins face-off versus Sidney Crosby in Kings zone.
2:25 of 2nd period - Slapshot by Steve Montador.
2:25 of 2nd period - Stopped by Jonathan Quick without a rebound.
2:26 of 2nd period - Sidney Crosby wins face-off versus Boyd Devereaux in Kings zone.
4:07 of 2nd period - Steve Montador is hit by Drew Doughty and loses puck.
4:13 of 2nd period - Penalty to Daniel Cleary is over, Daniel Cleary is back on ice.
4:22 of 2nd period - Ryan O'Byrne is hit by Steve Montador and loses puck.
4:35 of 2nd period - Snap shot by Daniel Cleary.
4:35 of 2nd period - Goal by Daniel Cleary - Kings : 3 - Panthers : 0.
4:36 of 2nd period - Jordan Nolan wins face-off versus Scott Gomez in neutral zone.
4:46 of 2nd period - Icing by Loui Eriksson.
4:47 of 2nd period - Scott Gomez wins face-off versus Anze Kopitar in Panthers zone.
5:00 of 2nd period - Keith Aulie is hit by Andrew Cogliano and loses puck.
5:09 of 2nd period - Scott Gomez is hit by Jordan Eberle and loses puck.
5:24 of 2nd period - Drew Miller is hit by Brad Stuart and loses puck.
5:47 of 2nd period - Slapshot by Drew Doughty.
5:47 of 2nd period - Stopped by Antti Niemi with a rebound.
6:57 of 2nd period - Wrist shot by Drew Miller.
6:57 of 2nd period - Shot Misses the Net.
7:33 of 2nd period - Slapshot by Marian Hossa.
7:33 of 2nd period - Stopped by Jonathan Quick with a rebound.
7:35 of 2nd period - Backhand shot by Sidney Crosby.
7:35 of 2nd period - Stopped by Jonathan Quick with a rebound.
7:45 of 2nd period - Minor Penalty to Boyd Devereaux for Cross-checking.
7:46 of 2nd period - Drew Miller wins face-off versus Sidney Crosby in Kings zone.
8:11 of 2nd period - Steve Montador is hit by Marek Svatos and loses puck.
9:45 of 2nd period - Penalty to Boyd Devereaux is over, Boyd Devereaux is back on ice.
9:49 of 2nd period - Slapshot by Jeff Tambellini.
9:49 of 2nd period - Goal by Jeff Tambellini - Kings : 3 - Panthers : 1.
9:50 of 2nd period - Shawn Horcoff wins face-off versus Anze Kopitar in neutral zone.
9:55 of 2nd period - Anze Kopitar is hit by Keith Aulie and loses puck.
10:24 of 2nd period - Wrist shot by Sidney Crosby.
10:24 of 2nd period - Shot Misses the Net.
10:26 of 2nd period - Wrist shot by Keith Aulie.
10:26 of 2nd period - Deflect By Marian Hossa.
10:26 of 2nd period - Shot Blocked by Daniel Cleary.
10:26 of 2nd period - Puck is out of play.
10:27 of 2nd period - Anze Kopitar wins face-off versus Sidney Crosby in Kings zone.
10:27 of 2nd period - Anze Kopitar is hit by Marian Hossa.
11:05 of 2nd period - Slapshot by Marian Hossa.
11:05 of 2nd period - Stopped by Jonathan Quick with a rebound.
11:23 of 2nd period - Wrist shot by Sidney Crosby.
11:23 of 2nd period - Shot Misses the Net.
11:25 of 2nd period - Backhand shot by Marian Hossa.
11:25 of 2nd period - Stopped by Jonathan Quick without a rebound.
11:26 of 2nd period - Scott Gomez wins face-off versus Anze Kopitar in Kings zone.
11:31 of 2nd period - Snap shot by Sergei Samsonov.
11:31 of 2nd period - Stopped by Jonathan Quick without a rebound.
11:32 of 2nd period - Scott Gomez wins face-off versus Anze Kopitar in Kings zone.
11:33 of 2nd period - Snap shot by Sergei Samsonov.
11:33 of 2nd period - Shot Misses the Net.
11:40 of 2nd period - Icing by Anze Kopitar.
11:41 of 2nd period - Anze Kopitar wins face-off versus Scott Gomez in Kings zone.
11:41 of 2nd period - Anze Kopitar is hit by Sergei Samsonov.
11:57 of 2nd period - Off-side.
11:58 of 2nd period - Sidney Crosby wins face-off versus Tim Connolly in neutral zone.
12:07 of 2nd period - Snap shot by Sidney Crosby.
12:07 of 2nd period - Shot Misses the Net.
12:09 of 2nd period - Slapshot by Brendan Smith.
12:09 of 2nd period - Shot Misses the Net.
12:11 of 2nd period - Slapshot by Steve Montador.
12:11 of 2nd period - Stopped by Jonathan Quick with a rebound.
12:13 of 2nd period - Slapshot by Guillaume Latendresse.
12:13 of 2nd period - Stopped by Jonathan Quick with a rebound.
12:46 of 2nd period - Wrist shot by Shawn Horcoff.
12:46 of 2nd period - Goal by Shawn Horcoff - Kings : 3 - Panthers : 2.
12:47 of 2nd period - Anze Kopitar wins face-off versus Sidney Crosby in neutral zone.
12:52 of 2nd period - Slapshot by Sidney Crosby.
12:52 of 2nd period - Shot Blocked by Lubomir Visnovsky.
12:54 of 2nd period - Slapshot by Brendan Smith.
12:54 of 2nd period - Shot Blocked by Anze Kopitar.
12:58 of 2nd period - Wrist shot by Sidney Crosby.
12:58 of 2nd period - Stopped by Jonathan Quick without a rebound.
12:59 of 2nd period - Sidney Crosby wins face-off versus Anze Kopitar in Kings zone.
13:21 of 2nd period - Icing by Jordan Eberle.
13:22 of 2nd period - Scott Gomez wins face-off versus Anze Kopitar in Kings zone.
13:25 of 2nd period - Snap shot by Scott Gomez.
13:25 of 2nd period - Stopped by Jonathan Quick without a rebound.
13:26 of 2nd period - Scott Gomez wins face-off versus Tim Connolly in Kings zone.
13:37 of 2nd period - Wrist shot by Scott Gomez.
13:37 of 2nd period - Stopped by Jonathan Quick without a rebound.
13:38 of 2nd period - Tim Connolly wins face-off versus Sidney Crosby in Kings zone.
13:40 of 2nd period - Minor Penalty to Marek Svatos for Interference.
13:41 of 2nd period - Drew Miller wins face-off versus Sidney Crosby in Kings zone.
14:17 of 2nd period - Snap shot by Sergei Samsonov.
14:17 of 2nd period - Deflect By Scott Gomez.
14:17 of 2nd period - Goal by Scott Gomez - Kings : 3 - Panthers : 3.
14:18 of 2nd period - Tim Connolly wins face-off versus Sidney Crosby in neutral zone.
14:21 of 2nd period - Marian Hossa is hit by Oliver Ekman-Larsson.
15:13 of 2nd period - Snap shot by Jordan Nolan.
15:13 of 2nd period - Shot Misses the Net.
15:15 of 2nd period - Snap shot by Ryan O'Byrne.
15:15 of 2nd period - Shot Blocked by Peter Prucha.
15:31 of 2nd period - Snap shot by Guillaume Latendresse.
15:31 of 2nd period - Stopped by Jonathan Quick with a rebound.
15:53 of 2nd period - Snap shot by Tim Connolly.
15:53 of 2nd period - Shot Misses the Net.
16:13 of 2nd period - Backhand shot by Sergei Samsonov.
16:13 of 2nd period - Stopped by Jonathan Quick with a rebound.
16:15 of 2nd period - Snap shot by Scott Gomez.
16:15 of 2nd period - Goal by Scott Gomez - Kings : 3 - Panthers : 4.
16:16 of 2nd period - Anze Kopitar wins face-off versus Sidney Crosby in neutral zone.
16:19 of 2nd period - Snap shot by Jordan Eberle.
16:19 of 2nd period - Stopped by Antti Niemi with a rebound.
16:41 of 2nd period - Nick Schultz is hit by Tim Connolly and loses puck.
17:33 of 2nd period - Oliver Ekman-Larsson is hit by Steve Montador and loses puck.
17:41 of 2nd period - Icing by Oliver Ekman-Larsson.
17:42 of 2nd period - Mike Fisher wins face-off versus Boyd Devereaux in Kings zone.
17:45 of 2nd period - Snap shot by Ryan Bayda.
17:45 of 2nd period - Stopped by Jonathan Quick with a rebound.
18:00 of 2nd period - Slapshot by Drew Doughty.
18:00 of 2nd period - Stopped by Antti Niemi with a rebound.
18:02 of 2nd period - Slapshot by Oliver Ekman-Larsson.
18:02 of 2nd period - Shot Misses the Net.
18:04 of 2nd period - Slapshot by Oliver Ekman-Larsson.
18:04 of 2nd period - Shot Misses the Net.
18:33 of 2nd period - Nick Schultz is hit by Oliver Ekman-Larsson and loses puck.
18:39 of 2nd period - Icing by Keith Ballard.
18:40 of 2nd period - Anze Kopitar wins face-off versus Scott Gomez in Panthers zone.
19:21 of 2nd period - Wrist shot by Sergei Samsonov.
19:21 of 2nd period - Shot Blocked by Ryan O'Byrne.
19:23 of 2nd period - Slapshot by Steve Montador.
19:23 of 2nd period - Stopped by Jonathan Quick with a rebound.
Goals for this period are 1 for Kings vs 4 for Panthers.
Shots for this period are 5 for Kings vs 19 for Panthers.
3rd period
0:01 of 3rd period - Sidney Crosby wins face-off versus Tim Connolly in neutral zone.
0:08 of 3rd period - Snap shot by Guillaume Latendresse.
0:08 of 3rd period - Stopped by Jonathan Quick without a rebound.
0:09 of 3rd period - Sidney Crosby wins face-off versus Tim Connolly in Kings zone.
0:24 of 3rd period - Wrist shot by Guillaume Latendresse.
0:24 of 3rd period - Shot Misses the Net.
0:26 of 3rd period - Snap shot by Marian Hossa.
0:26 of 3rd period - Goal by Marian Hossa - Kings : 3 - Panthers : 5.
0:26 of 3rd period - Evgeni Nabokov enters game.
0:27 of 3rd period - Anze Kopitar wins face-off versus Sidney Crosby in neutral zone.
1:07 of 3rd period - Slapshot by Scott Gomez.
1:07 of 3rd period - Shot Misses the Net.
2:01 of 3rd period - Mike Fisher is hit by Danny Richmond and loses puck.
2:18 of 3rd period - Wrist shot by Ryan Bayda.
2:18 of 3rd period - Stopped by Evgeni Nabokov without a rebound.
2:19 of 3rd period - Sidney Crosby wins face-off versus Jordan Nolan in Kings zone.
2:44 of 3rd period - Scott Gomez is hit by Anze Kopitar and loses puck.
3:28 of 3rd period - Ryan O'Byrne is hit by Sidney Crosby and loses puck.
4:21 of 3rd period - Snap shot by Ladislav Nagy.
4:21 of 3rd period - Stopped by Antti Niemi without a rebound.
4:22 of 3rd period - Sidney Crosby wins face-off versus Anze Kopitar in Panthers zone.
4:29 of 3rd period - Snap shot by Guillaume Latendresse.
4:29 of 3rd period - Stopped by Evgeni Nabokov without a rebound.
4:30 of 3rd period - Marian Hossa wins face-off versus Anze Kopitar in Kings zone.
4:55 of 3rd period - Snap shot by Peter Prucha.
4:55 of 3rd period - Stopped by Evgeni Nabokov without a rebound.
4:56 of 3rd period - Peter Prucha wins face-off versus Tim Connolly in Kings zone.
5:09 of 3rd period - Snap shot by Jeff Tambellini.
5:09 of 3rd period - Deflect By Marek Svatos.
5:09 of 3rd period - Stopped by Evgeni Nabokov without a rebound.
5:10 of 3rd period - Sidney Crosby wins face-off versus Anze Kopitar in Kings zone.
5:13 of 3rd period - Snap shot by Marian Hossa.
5:13 of 3rd period - Shot Blocked by Ryan O'Byrne.
5:21 of 3rd period - Wrist shot by Anze Kopitar.
5:21 of 3rd period - Stopped by Antti Niemi with a rebound.
5:27 of 3rd period - Snap shot by Anze Kopitar.
5:27 of 3rd period - Shot Misses the Net.
6:45 of 3rd period - Ladislav Nagy is hit by Keith Aulie and loses puck.
7:05 of 3rd period - Loui Eriksson is hit by Daniel Cleary and loses puck.
7:12 of 3rd period - Daniel Cleary is hit by Scott Gomez and loses puck.
7:43 of 3rd period - Minor Penalty to Danny Richmond for Holding.
7:44 of 3rd period - Sidney Crosby wins face-off versus Boyd Devereaux in Kings zone.
8:00 of 3rd period - Snap shot by Steve Montador.
8:00 of 3rd period - Shot Blocked by Boyd Devereaux.
8:52 of 3rd period - Guillaume Latendresse is hit by Andrew Cogliano.
9:43 of 3rd period - Penalty to Danny Richmond is over, Danny Richmond is back on ice.
10:05 of 3rd period - Jeff Tambellini is hit by Jordan Nolan and loses puck.
10:12 of 3rd period - Slapshot by Nick Schultz.
10:12 of 3rd period - Deflect By Shawn Horcoff.
10:12 of 3rd period - Stopped by Evgeni Nabokov without a rebound.
10:13 of 3rd period - Alexander Perezhogin wins face-off versus Tim Connolly in Kings zone.
11:13 of 3rd period - Off-side.
11:14 of 3rd period - Scott Gomez wins face-off versus Andrew Cogliano in neutral zone.
12:27 of 3rd period - Wrist shot by Scott Gomez.
12:27 of 3rd period - Stopped by Evgeni Nabokov without a rebound.
12:28 of 3rd period - Sidney Crosby wins face-off versus Anze Kopitar in Kings zone.
12:33 of 3rd period - Slapshot by Sidney Crosby.
12:33 of 3rd period - Stopped by Evgeni Nabokov without a rebound.
12:34 of 3rd period - Sidney Crosby wins face-off versus Anze Kopitar in Kings zone.
12:37 of 3rd period - Slapshot by Guillaume Latendresse.
12:37 of 3rd period - Deflect By Sidney Crosby.
12:37 of 3rd period - Stopped by Evgeni Nabokov without a rebound.
12:38 of 3rd period - Sidney Crosby wins face-off versus Anze Kopitar in Kings zone.
13:07 of 3rd period - Wrist shot by Jordan Eberle.
13:07 of 3rd period - Shot Misses the Net.
13:09 of 3rd period - Wrist shot by Andrew Cogliano.
13:09 of 3rd period - Deflect By Anze Kopitar.
13:09 of 3rd period - Stopped by Antti Niemi without a rebound.
13:10 of 3rd period - Tim Connolly wins face-off versus Shawn Horcoff in Panthers zone.
13:49 of 3rd period - Daniel Cleary is hit by Scott Gomez and loses puck.
14:11 of 3rd period - Off-side.
14:12 of 3rd period - Guillaume Latendresse wins face-off versus Tim Connolly in neutral zone.
14:15 of 3rd period - Lubomir Visnovsky is hit by Keith Aulie and loses puck.
14:28 of 3rd period - Snap shot by Sidney Crosby.
14:28 of 3rd period - Stopped by Evgeni Nabokov without a rebound.
14:29 of 3rd period - Scott Gomez wins face-off versus Anze Kopitar in Kings zone.
14:55 of 3rd period - Sidney Crosby is hit by Ryan O'Byrne and loses puck.
15:28 of 3rd period - Slapshot by Drew Doughty.
15:28 of 3rd period - Stopped by Antti Niemi with a rebound.
15:40 of 3rd period - Snap shot by Drew Doughty.
15:40 of 3rd period - Shot Blocked by Ryan Bayda.
16:00 of 3rd period - Slapshot by Drew Doughty.
16:00 of 3rd period - Shot Misses the Net.
16:08 of 3rd period - Wrist shot by Scott Gomez.
16:08 of 3rd period - Stopped by Evgeni Nabokov without a rebound.
16:09 of 3rd period - Jordan Nolan wins face-off versus Sidney Crosby in Kings zone.
16:09 of 3rd period - Danny Richmond is hit by Marian Hossa and loses puck.
16:14 of 3rd period - Snap shot by Guillaume Latendresse.
16:14 of 3rd period - Stopped by Evgeni Nabokov without a rebound.
16:15 of 3rd period - Jordan Nolan wins face-off versus Sidney Crosby in Kings zone.
16:29 of 3rd period - Minor Penalty to Brendan Smith for Holding Stick.
16:30 of 3rd period - Anze Kopitar wins face-off versus Sidney Crosby in Panthers zone.
17:04 of 3rd period - Slapshot by Drew Doughty.
17:04 of 3rd period - Stopped by Antti Niemi with a rebound.
17:42 of 3rd period - Ryan Whitney is hit by Keith Aulie and loses puck.
18:29 of 3rd period - Penalty to Brendan Smith is over, Brendan Smith is back on ice.
18:29 of 3rd period - Andrew Cogliano is hit by Guillaume Latendresse and loses puck.
19:08 of 3rd period - Snap shot by Marian Hossa.
19:08 of 3rd period - Stopped by Evgeni Nabokov with a rebound.
Goals for this period are 0 for Kings vs 1 for Panthers.
Shots for this period are 5 for Kings vs 14 for Panthers.
Back to the Top